 Dungeon Crawl Stone Soup version 0.30-b1-2-g02819fbbbe (webtiles) character file.

Game seed: 6398465884069466010

7590 LLlMATKO the Fighter (level 10, -6/93 HPs)
             Began as a Minotaur Berserker on Sept 6, 2023.
             Was a Priest of Trog.
             Mangled by a death yak (14 damage)
             ... on level 8 of the Dungeon.
             The game lasted 00:07:17 (7978 turns).

LLlMATKO the Fighter (Minotaur Berserker)           Turns: 7978, Time: 00:07:18

Health: -6/93      AC: 17    Str: 27    XL:     10   Next: 97%
Magic:  9/9        EV:  8    Int:  9    God:    Trog [***...]
Gold:   546        SH: 18    Dex:  9    Spells: 9/9 levels left

rFire   . . .        g - +0 war axe
rCold   . . .        B - +0 tower shield
rNeg    + . .        L - +0 plate armour
rPois   +            (helmet restricted)
rElec   .            n - +0 cloak
rCorr   .            h - +0 pair of gloves
SInv    .            G - -1 pair of boots of Gehenna {rPois rN+ Will- Int+5}
Will    .....        y - amulet of reflection Stlth
                     b - ring of willpower
HPRegen 0.35/turn    (no ring)
MPRegen 0.11/turn

%: reflection
@: on berserk cooldown, slowed, very slow
A: horns 2, retaliatory headbutt
a: Renounce Religion, Berserk, Trog's Hand


You were on level 8 of the Dungeon.
You worshipped Trog.
Trog was most pleased with you.
You visited 1 branch of the dungeon, and saw 9 of its levels.

You collected 546 gold pieces.

Inventory:

Hand Weapons
 g - a +0 war axe (weapon)
 D - a +0 war axe
Missiles
 i - 5 datura-tipped darts (quivered)
 o - 5 poisoned darts
 r - 11 javelins
Armour
 h - a +0 pair of gloves (worn)
 n - a +0 cloak (worn)
 B - a +0 tower shield (worn)
 G - the -1 pair of boots of Gehenna (worn) {rPois rN+ Will- Int+5}
   (You found it on level 6 of the Dungeon)

   Int:       It affects your intelligence (+5).
   rPois:     It protects you from poison.
   rN:        It protects you from negative energy.
   Will:      It decreases your willpower.
 L - a +0 plate armour (worn)
Jewellery
 b - a ring of willpower (left hand)
 y - an amulet of reflection (around neck)
 F - a ring of fire
Wands
 s - a wand of digging (12)
 H - a wand of paralysis (7)
 K - a wand of roots (9)
Scrolls
 d - 3 scrolls of magic mapping {unknown}
 e - 10 scrolls of identify {unknown}
 j - a scroll of brand weapon {unknown}
 k - 2 scrolls of butterflies {unknown}
 p - a scroll of silence {unknown}
 q - 4 scrolls of immolation {unknown}
 u - 4 scrolls of teleportation {unknown}
 w - 2 scrolls of vulnerability {unknown}
 C - a scroll of noise {unknown}
 E - a scroll of poison {unknown}
 I - 2 scrolls of enchant armour {unknown}
 J - a scroll of enchant weapon {unknown}
 M - a scroll of fear {unknown}
Potions
 a - 3 potions of haste
 c - 2 potions of magic {unknown}
 f - 2 potions of mutation {unknown}
 l - 3 potions of degeneration {unknown}
 m - 4 potions of curing {unknown}
 t - a potion of might {unknown}
 v - a potion of brilliance {unknown}
 x - a potion of heal wounds {unknown}
 z - 2 potions of resistance {unknown}
 A - a potion of cancellation {unknown}


   Skills:
 + Level 10.2 Fighting
 + Level 10.1 Axes
 + Level 9.7 Armour
 + Level 8.9 Dodging
 + Level 7.4 Shields


You had 9 spell levels left.
You didn't know any spells.
Your spell library was empty.

Dungeon Overview and Level Annotations

Branches:
Dungeon (9/15)             Temple (0/1) D:7
   Lair: D:8-11         Orc: D:9-12

Altars:
Cheibriados
Hepliaklqana
Kikubaaqudgha
Nemelex Xobeh
Okawaru
Ru
Vehumet
Jiyva

Shops:
D:1 :   D:8 (

Annotations:
D:8 1 transporter


Innate Abilities, Weirdness & Mutations

You have a pair of horns on your head.
You reflexively headbutt those who attack you in melee.


Message History

You kill the orc!
Trog accepts your kill. You block the death yak's attack.
The death yak closely misses you.
You barely miss the death yak. You headbutt the death yak.
The death yak is moderately wounded.
You block the death yak's attack.
You slash the death yak!
The death yak is moderately wounded.
The death yak gores you! x2
You barely miss the death yak.
The death yak is moderately wounded.
You block the death yak's attack.
The death yak gores you but does no damage.
You hit the death yak but do no damage. You headbutt the death yak.
The death yak is moderately wounded.
You block the death yak's attack.
You hit the death yak. You headbutt the death yak!
The death yak is heavily wounded.
The death yak gores you but does no damage.
The death yak closely misses you.
You barely miss the death yak. Your headbutt misses the death yak.
The death yak is moderately wounded.
You block the death yak's attack. x2
You slash the death yak!
The death yak is heavily wounded.
The death yak gores you. x2
You barely miss the death yak.
The death yak is heavily wounded.
The death yak gores you but does no damage.
The death yak gores you!
* * * LOW HITPOINT WARNING * * *
You hit the death yak but do no damage.
The death yak is heavily wounded.
The death yak gores you!
* * * LOW HITPOINT WARNING * * *
Okay, then.
You slash the death yak! You headbutt the death yak!
The death yak is severely wounded.
You block the death yak's attack. The death yak gores you!
You die...

#........########+##.
####.##### ##...##
#.#### ##......
#.##.## ##.......
#.#...####........
#......).'........
#.#...####...<....
#)##.## ##.......
#@#### ##...... #Y#
##...## #.### ##'###
#...# #.# #
#####.##########.# #
#..............#.###
#.###.#..##.....รท...
#.# #.#..##.##.....#
#.# #.......##....##


You could see a death yak.

Vanquished Creatures
  A hydra (D:8)
  A two-headed ogre (D:8)
  A death yak (D:9)
  The ghost of MrClown the Artisan of Death, a novice DsNe of Kikubaaqudgha (D:8)
  The ghost of VAZYLA the Covert, a novice OpBr (D:6)
  A moth of wrath (D:8)
  A hornet (D:8)
  6 yaks
  Edmund (D:4)
  Duvessa (D:4)
  5 water moccasins
  2 orc warriors
  3 black bears
  6 ice beasts
  An ogre (D:5)
  2 centaurs
  3 scorpions
  A bullfrog (D:9)
  5 wights (D:6)
  Dowan (D:4)
  5 killer bees (D:8)
  A howler monkey (D:4)
  Crazy Yiuf (D:2)
  2 hounds
  2 orc priests
  Jessica (D:2)
  3 iguanas
  2 sleepcaps
  Ijyb (D:4)
  7 orc wizards
  A hell rat (D:9)
  A centaur simulacrum (D:6)
  2 bullfrog simulacra (D:6)
  A gnoll (D:1)
  6 adders
  A shadow imp (D:5)
  2 white imps (D:6)
  2 ufetubi
  2 worms
  4 dart slugs
  29 orcs
  7 ball pythons
  2 bats
  9 endoplasms
  A giant cockroach (D:3)
  5 goblins
  7 hobgoblins
  7 kobolds
  3 quokkas
  6 rats
167 creatures vanquished.

Vanquished Creatures (others)
  6 withered plants (D:4)
6 creatures vanquished.

Grand Total: 173 creatures vanquished

Notes
Turn   | Place    | Note
-------+----------+-------------------------------------------
     0 | D:1      | LLlMATKO the Minotaur Berserker began the quest for the
                  | Orb.
     0 | D:1      | Reached XP level 1. HP: 19/19 MP: 0/0
    44 | D:1      | Found Leper's Book Shop.
   322 | D:1      | Reached XP level 2. HP: 27/27 MP: 1/1
   880 | D:1      | Reached XP level 3. HP: 26/33 MP: 2/2
  1504 | D:2      | Noticed Jessica
  1508 | D:2      | Killed Jessica
  1551 | D:2      | Reached XP level 4. HP: 38/41 MP: 3/3
  1566 | D:2      | Found a runed translucent door.
  1567 | D:2      | Noticed Crazy Yiuf
  1574 | D:2      | Killed Crazy Yiuf
  1753 | D:2      | Found a faded altar of an unknown god.
  2389 | D:3      | Reached XP level 5. HP: 47/47 MP: 4/4
  2850 | D:4      | Reached ** piety under Trog
  2944 | D:4      | Noticed Ijyb
  2951 | D:4      | Killed Ijyb
  2960 | D:4      | Reached skill level 5 in Fighting
  2960 | D:4      | Reached skill level 5 in Axes
  2960 | D:4      | Reached XP level 6. HP: 48/56 MP: 5/5
  3016 | D:4      | Noticed Duvessa
  3018 | D:4      | Noticed Dowan
  3022 | D:4      | Killed Duvessa
  3024 | D:4      | Killed Dowan
  3025 | D:4      | Reached skill level 5 in Armour
  3025 | D:4      | Reached XP level 7. HP: 62/62 MP: 6/6
  3088 | D:4      | Noticed Edmund
  3099 | D:4      | Killed Edmund
  3115 | D:4      | Reached skill level 5 in Dodging
  3516 | D:4      | Found an ancient bone altar of Kikubaaqudgha.
  3567 | D:5      | Entered Level 5 of the Dungeon
  3972 | D:5      | Reached XP level 8. HP: 68/71 MP: 7/7
  4619 | D:6      | Found an iron altar of Okawaru.
  4708 | D:6      | Reached skill level 1 in Shields
  4833 | D:6      | Identified the -1 pair of boots of Gehenna {rPois rN+ Will-
                  | Int+5}
  4880 | D:6      | Found a runed translucent gate.
  4882 | D:6      | Found a runed translucent gate.
  4884 | D:6      | Found a runed translucent gate.
  4973 | D:6      | Noticed VAZYLA's ghost (novice OpBr)
  5103 | D:6      | Found a hazy altar of Hepliaklqana.
  5103 | D:6      | Found a radiant altar of Vehumet.
  5110 | D:6      | Found a sacrificial altar of Ru.
  5112 | D:6      | Found a sparkling altar of Nemelex Xobeh.
  5114 | D:6      | Found a faded altar of an unknown god.
  5410 | D:6      | Killed VAZYLA's ghost
  5411 | D:6      | Reached XP level 9. HP: 81/81 MP: 8/8
  5752 | D:7      | Identified the +8 longbow "Fiyntir" {heavy, Fly rF+ Int-3}
  6146 | D:7      | Found a staircase to the Ecumenical Temple.
  6257 | D:7      | Reached *** piety under Trog
  6656 | D:8      | Found a viscous altar of Jiyva.
  6758 | D:8      | Noticed a two-headed ogre
  6771 | D:8      | Killed a two-headed ogre
  6772 | D:8      | Reached skill level 5 in Shields
  6887 | D:8      | Noticed a five-headed hydra
  7105 | D:8      | Reached XP level 10. HP: 80/91 MP: 9/9
  7180 | D:8      | Found a snail-covered altar of Cheibriados.
  7314 | D:8      | Found Releed's Weapon Shoppe.
  7520 | D:8      | Found a transporter.
  7530 | D:8      | Noticed MrClown's ghost (novice DsNe)
  7532 | D:8      | Noticed a moth of wrath
  7616 | D:8      | Found a transporter.
  7740 | D:8      | Killed a moth of wrath
  7740 | D:8      | Killed MrClown's ghost
  7749 | D:8      | Killed an 11-headed hydra
  7750 | D:8      | Reached skill level 10 in Fighting
  7750 | D:8      | Found a transporter.
  7941 | D:9      | Noticed a death yak
  7946 | D:9      | Noticed a death yak
  7947 | D:9      | Noticed a death yak
  7958 | D:9      | Reached skill level 10 in Axes
  7961 | D:9      | Killed a death yak
  7978 | D:8      | Mangled by a death yak

Illustrated notes

Levels and vault maps discovered:
D:1:      noname_arrival_rooms_in_the_neighbourhood, layout_basic, serial_shops,
          shop, minmay_crystal_water, hangedman_decor_opposing, st_stairs_12
D:2:      layout_loops_ring, shapermc_ecumenical_altar_pompeii,
          uniq_crazy_yiuf_cottage, uniq_jessica
D:3:      layout_loops_ring
D:4:      layout_rooms, kiku_gazebo_garden_becter, uniq_ijyb, uniq_edmund,
          uniq_duvessa
D:5:      layout_basic
D:6:      layout_loops_ring, mainiacjoe_overflow_catwalk,
          chequers_temple_overflow_minitemple, gammafunk_ghost_icy,
          lightli_orcish_oven
D:7:      layout_loops_corners, temple_hall
D:8:      gammafunk_jiyva_shrine, layout_loops_corners, amcnicky_altar_gilded,
          gammafunk_ghost_berserking_beasts, serial_shops, shop,
          hangedman_decor_growths, nicolae_figureground_sparkle
D:9:      layout_rooms, kennysheep_little_box, dpeg_lair_monsters

Skill      XL: |  1  2  3  4  5  6  7  8  9 10 |
---------------+-------------------------------+-----
Axes           | 4 5 6 7 8 10 | 10.1
Fighting       | 4 5 6 7 9 10 | 10.2
Armour         | 3 4 5 6 7 8 9 |  9.7
Dodging        | 3 4 5 6 7 8 |  8.9
Shields        | 3 5 7 |  7.4

Action                     |  1- 3 |  4- 6 |  7- 9 | 10-12 || total
---------------------------+-------+-------+-------+-------++-------
  Melee: Hand axe          |    37 |       |       |       ||    37
         Headbutt          |     6 |    12 |    47 |    23 ||    88
         War axe           |    17 |    81 |   199 |    92 ||   389
         Punch             |       |     1 |       |       ||     1
  Throw: Dart              |       |       |     2 |       ||     2
         Javelin           |       |       |       |     2 ||     2
 Invoke: Berserk           |     3 |     2 |     5 |     2 ||    12
         Trog's Hand       |       |       |     2 |     1 ||     3
 Armour: Animal skin       |     4 |       |       |       ||     4
         Chain mail        |     8 |    42 |    85 |     5 ||   140
         Plate armour      |       |       |       |    35 ||    35
  Dodge: Dodged            |    23 |    36 |    61 |    37 ||   157
  Block: Other             |       |       |     4 |       ||     4
         Tower shield      |       |       |   132 |   100 ||   232
         Reflection        |       |       |     7 |       ||     7
